 Dungeon Sprint DCSS version 0.30-a0-920-g7493c07aab (webtiles) character file.

Game seed: 2483665427882878473

4064 dialectric the Bludgeoner (level 10, 0/69 HPs)
             Began as a Gargoyle Fighter on Mar 21, 2023.
             Was a Priest of Trog.
             Slain by a demonic crawler (5 damage)
             ... in the Dungeon (Sprint I: "Red Sonja").
             The game lasted 00:04:17 (766 turns).

dialectric the Bludgeoner (Gargoyle Fighter)         Turns: 766, Time: 00:04:17

Health: 0/69       AC: 30    Str: 21    XL:     10   Next: 25%
Magic:  10/10      EV:  7    Int: 10    God:    Trog [***...]
Gold:   414        SH:  6    Dex: 11    Spells: 9/9 levels left

rFire   . . .      SeeInvis .    a - +0 flail
rCold   . . .      Faith    .    c - +0 buckler
rNeg    + + .      Spirit   .    i - +3 plate armour {rN+}
rPois   ∞          Reflect  .    (no helmet)
rElec   +          Rampage  .    n - +1 cloak
rCorr   .          NoTele   +    l - +0 pair of gloves
Will    ++...                    (no boots) Stlth
                                 (no amulet)
HPRegen 1.31/turn                (no ring)
MPRegen 0.12/turn                (no ring)

@: strong-willed, regenerating, hasted, very quick
A: sickness immunity, AC +7, negative energy resistance 1, electricity
resistance, torment resistance 1, petrification resistance
a: Renounce Religion, Berserk, Trog's Hand


You were in the Dungeon.
You worshipped Trog.
Trog was most pleased with you.
You visited 1 branch You collected 888 gold pieces.
You spent 474 gold pieces at shops.

Inventory:

Hand Weapons
 a - a +0 flail (weapon)
Missiles
 k - a curare-tipped dart (quivered)
 m - 6 poisoned darts
Armour
 c - a +0 buckler (worn)
 i - a +3 plate armour of positive energy (worn)
 l - a +0 pair of gloves (worn)
 n - a +1 cloak (worn)
Wands
 d - a wand of quicksilver (7)
Scrolls
 b - a scroll of enchant weapon {unknown}
 j - a scroll of blinking
 o - a scroll of torment {unknown}
Potions
 e - 3 potions of curing
 h - 2 potions of magic


   Skills:
 + Level 11.0 Fighting
 - Level 16.4 Maces & Flails
 - Level 1.4 Throwing
 + Level 12.8 Armour
 + Level 9.6 Shields


You had 9 spell levels left.
You didn't know any spells.
Your spell library was empty.

Dungeon Overview and Level Annotations

Branches:
Dungeon (1/1)

Altars:
Cheibriados
Dithmenos
Elyvilon
Fedhas
Gozag
Hepliaklqana
Kikubaaqudgha
Makhleb
Nemelex Xobeh
Okawaru
Qazlal
Ru
Sif Muna
Trog
Uskayaw
Vehumet
Wu Jian
Xom
Yredelemnul
Zin
The Shining One
Jiyva
Lugonu

Shops:
D ?[[


Innate Abilities, Weirdness & Mutations

You are immune to sickness and miasma.
Your stone body is resilient. (AC +7)
You are immune to poison.
You resist negative energy. (rN+)
You are resistant to electric shocks. (rElec)
You are resistant to unholy torment.
You are immune to petrification.


Message History

You block the demonic crawler's attack.
You recover from your berserk rage.
The demonic crawler hits you but does no damage.
The demonic crawler hits you.
* * * LOW HITPOINT WARNING * * *
The demonic crawler hits you.
* * * LOW HITPOINT WARNING * * *
The demonic crawler attacks as you move away!
The demonic crawler closely misses you.
The demonic crawler hits you but does no damage. x2
There is an open door here.
The demonic crawler attacks as you move away!
The demonic crawler barely misses you.
The demonic crawler completely misses you.
The demonic crawler hits you but does no damage.
Unknown command.
Your skin crawls.
You feel strong-willed.
The demonic crawler hits you but does no damage.
The demonic crawler hits you.
* * * LOW HITPOINT WARNING * * *
The demonic crawler hits you but does no damage.
The demonic crawler barely misses you. You block the demonic crawler's attack.
The demonic crawler hits you.
* * * LOW HITPOINT WARNING * * *
You feel better. You block the demonic crawler's attack.
The demonic crawler barely misses you. x2
Unknown command.
You feel yourself speed up.
Unknown command.
You open the door.
The demonic crawler hits you but does no damage. x2
You block the demonic crawler's attack.
Found 54 gold pieces.
You see here a +0 giant spiked club.
The demonic crawler hits you but does no damage.
The demonic crawler hits you!
* * * LOW HITPOINT WARNING * * *
The demonic crawler hits you.
You die...

#######################
#<.#..@ss#.)'..#__#..'.
#..)..#s.'..#..s..'..#)
#..#####'#####'#__####.
#..### $$#...#)####§§##
#..#__####.)##)#~§§..#.
#..#_____##'#_.'~~~§§§.
#⌠⌠#_.∩...'..._#~§~.§#.
####_..__##_.#'##§#####
#_____###'#.#§§§[###


You could see 3 demonic crawlers.

Vanquished Creatures
  2 centaur warriors (D)
  Sonja (D)
  A deep troll (D)
  An oklob plant (D)
  2 kobold demonologists (D)
  A hornet (D)
  Sigmund (D)
  A slime creature (D)
  A yak (D)
  A floating eye (D)
  An ogre (D)
  A jelly (D)
  Ijyb (D)
15 creatures vanquished.

Vanquished Creatures (others)
  2 ballistomycete spores (D)
2 creatures vanquished.

Grand Total: 17 creatures vanquished

Notes
Turn   | Place    | Note
-------+----------+-------------------------------------------
     0 | D        | dialectric the Gargoyle Fighter began the quest for the
                  | Orb.
     0 | D        | Reached XP level 1. HP: 14/14 MP: 1/1
     8 | D        | Noticed Ijyb
    12 | D        | Killed Ijyb
    13 | D        | Reached XP level 2. HP: 15/20 MP: 2/2
    13 | D        | Reached XP level 3. HP: 18/24 MP: 3/3
    18 | D        | Noticed an ogre
    20 | D        | Killed an ogre
    21 | D        | Reached skill level 3 in Maces & Flails
    21 | D        | Reached XP level 4. HP: 27/32 MP: 4/4
    29 | D        | Noticed Sigmund
    38 | D        | Killed Sigmund
    39 | D        | Reached skill level 5 in Maces & Flails
    39 | D        | Reached XP level 5. HP: 36/39 MP: 5/5
    39 | D        | Reached XP level 6. HP: 41/44 MP: 6/6
    46 | D        | Found a burning altar of Makhleb.
    46 | D        | Found a shimmering altar of Xom.
    46 | D        | Noticed a slime creature
    47 | D        | Found a viscous altar of Jiyva.
    47 | D        | Found a corrupted altar of Lugonu.
    56 | D        | Killed a slime creature
    57 | D        | Reached skill level 8 in Maces & Flails
    57 | D        | Reached XP level 7. HP: 31/50 MP: 7/7
    61 | D        | Found a shimmering blue altar of Sif Muna.
    62 | D        | Found an ornate altar of the Wu Jian Council.
    69 | D        | Found a radiant altar of Vehumet.
   129 | D        | Found Owal's Armour Emporium.
   129 | D        | Found an ancient bone altar of Kikubaaqudgha.
   129 | D        | Found a hazy altar of Hepliaklqana.
   129 | D        | Found a stormy altar of Qazlal.
   129 | D        | Found a hide-covered altar of Uskayaw.
   129 | D        | Found a blossoming altar of Fedhas.
   129 | D        | Found a bloodstained altar of Trog.
   129 | D        | Found an iron altar of Okawaru.
   129 | D        | Found a basalt altar of Yredelemnul.
   129 | D        | Found a glowing golden altar of the Shining One.
   129 | D        | Found a snail-covered altar of Cheibriados.
   129 | D        | Found a sacrificial altar of Ru.
   129 | D        | Found a glowing silver altar of Zin.
   129 | D        | Found a shadowy altar of Dithmenos.
   129 | D        | Found a white marble altar of Elyvilon.
   129 | D        | Noticed a yak
   139 | D        | Killed a yak
   140 | D        | Reached skill level 9 in Maces & Flails
   141 | D        | Found an opulent altar of Gozag.
   143 | D        | Found a sparkling altar of Nemelex Xobeh.
   147 | D        | Became a worshipper of Trog the Wrathful
   149 | D        | Bought a +0 pair of gloves for 54 gold pieces
   166 | D        | Noticed Sonja
   186 | D        | Killed Sonja
   187 | D        | Reached skill level 11 in Maces & Flails
   187 | D        | Reached skill level 1 in Throwing
   187 | D        | Reached skill level 10 in Armour
   187 | D        | Reached XP level 8. HP: 26/56 MP: 8/8
   213 | D        | Noticed a deep troll
   228 | D        | Killed a deep troll
   228 | D        | Reached * piety under Trog
   229 | D        | Reached skill level 10 in Fighting
   229 | D        | Reached skill level 13 in Maces & Flails
   229 | D        | Reached XP level 9. HP: 44/62 MP: 9/9
   246 | D        | Found Uriurelob's Armour Emporium.
   250 | D        | Bought a +3 plate armour of positive energy for 420 gold
                  | pieces
   361 | D        | Found Hadeumue's Magic Scroll Boutique.
   386 | D        | Noticed a centaur warrior
   389 | D        | Noticed a centaur warrior
   394 | D        | Killed a centaur warrior
   395 | D        | Reached skill level 14 in Maces & Flails
   411 | D        | Killed a centaur warrior
   412 | D        | Reached skill level 15 in Maces & Flails
   435 | D        | Noticed a hornet
   449 | D        | Killed a hornet
   449 | D        | Reached ** piety under Trog
   524 | D        | Noticed an oklob plant
   534 | D        | HP: 2/63 [oklob plant/splash of acid (21)]
   539 | D        | Killed an oklob plant
   540 | D        | Reached skill level 16 in Maces & Flails
   540 | D        | Reached XP level 10. HP: 29/68 MP: 10/10
   687 | D        | Noticed a kobold demonologist
   687 | D        | Noticed a kobold demonologist
   689 | D        | Paralysed by a floating eye for 2 turns
   696 | D        | Killed a kobold demonologist
   702 | D        | Killed a kobold demonologist
   702 | D        | Reached *** piety under Trog
   743 | D        | Noticed a demonic crawler
   743 | D        | Noticed a demonic crawler
   743 | D        | Noticed a demonic crawler
   743 | D        | Noticed a demonic crawler
   766 | D        | Slain by a demonic crawler

Illustrated notes

Levels and vault maps discovered:
D:        dungeon_sprint_1 [red_sonja_temple_1, red_sonja_temple_small_1]

Skill      XL: |  1  2  3  4  5  6  7  8  9 10 |
---------------+-------------------------------+-----
Fighting       | 4 6 7 8 9 10 11 | 11.0
Armour         | 4 6 7 8 10 11 12 | 12.8
Shields        | 4 6 7 8 9 |  9.6
Maces & Flails | 3 5 8 11 13 16 | 16.4
Throwing       | 1 |  1.4

Action                     |  1- 3 |  4- 6 |  7- 9 | 10-12 || total
---------------------------+-------+-------+-------+-------++-------
  Melee: Flail             |     5 |    17 |    60 |    15 ||    97
  Throw: Dart              |       |       |    14 |       ||    14
 Invoke: Berserk           |       |       |     2 |     1 ||     3
         Trog's Hand       |       |       |       |     1 ||     1
    Use: Potion            |     1 |       |     2 |     2 ||     5
 Armour: Scale mail        |     1 |     3 |    14 |       ||    18
         Plate armour      |       |       |    18 |    32 ||    50
  Dodge: Dodged            |     1 |     5 |    18 |    15 ||    39
  Block: Buckler           |       |     4 |    25 |    14 ||    43

Table legend: (Time is in decaauts)
 A = Elapsed time spent in this place.
 B = Non-inter-level travel time spent in this place.
 C = Inter-level travel time spent in this place.
 D = Time resting spent in this place.
 E = Time spent auto-exploring this place.
 F = Levels seen in this place.
 G = Mean time per level.
                   A        B        C        D        E       F      G
               +--------+--------+--------+--------+--------+-----+--------+
         Total |    810 |    810 |      0 |    278 |      0 |   1 |  810.0 |
       Dungeon |    810 |    810 |      0 |    278 |      0 |   1 |  810.0 |
               +--------+--------+--------+--------+--------+-----+--------+

Top non-repeatable levels by time:
       D: 810 daAuts
